 Dungeon Crawl Stone Soup version 0.28.0-53-g5a82cb258f (webtiles) character file.

Game seed: 9330884732631334320

1036 Sin92 the Chopper (level 8, -2/62 HPs)
             Began as a Demonspawn Fighter on June 16, 2022.
             Was an Initiate of Makhleb.
             Slain by an orc warrior
             ... wielding a +0 trident
              (6 damage)
             ... on level 6 of the Dungeon.
             The game lasted 00:11:14 (5415 turns).

Sin92 the Chopper (Demonspawn Fighter)              Turns: 5415, Time: 00:11:15

Health: -2/62      AC:  9    Str: 18    XL:     8   Next: 4%
Magic:  8/8        EV:  9    Int:  9    God:    Makhleb [......]
Gold:   345        SH:  0    Dex: 14    Spells: 7/7 levels left

rFire   . . .      SeeInvis .   a - +1 war axe (flame)
rCold   . . .      Faith    .   o - +0 kite shield
rNeg    . . .      Spirit   .   b - +1 scale mail
rPois   .          Reflect  .   (helmet restricted)
rElec   .          Harm     .   (no cloak)
rCorr   .          Rampage  .   (no gloves)
Will    .....                   (no boots)
Stlth   ..........              s - amulet of regeneration
HPRegen 1.00/turn               (no ring)
MPRegen 0.11/turn               (no ring)

@: confused
A: horns 2, rugged brown scales 1, demonic guardian 1, spiny 1
a: Renounce Religion


You were on level 6 of the Dungeon.
You worshipped Makhleb.
Makhleb was noncommittal.
You visited 2 branches of the dungeon, and saw 7 of its levels.
You also visited: Sewer.

You collected 345 gold pieces.

Inventory:

Hand Weapons
 a - a +1 war axe of flaming (weapon)
 r - a +2 mace of draining
Missiles
 t - 2 silver javelins (quivered)
Armour
 b - a +1 scale mail (worn)
 c - a +0 buckler
 o - a +0 kite shield (worn)
Jewellery
 s - an amulet of regeneration (around neck)
Wands
 j - a wand of digging (4)
Scrolls
 e - 2 scrolls of teleportation
 i - 3 scrolls of fog {unknown}
 m - 2 scrolls of identify
 n - 5 scrolls of enchant weapon
Potions
 d - a potion of might
 f - a potion of ambrosia {unknown}
 k - a potion of brilliance
 l - 2 potions of attraction
 p - a potion of invisibility
 q - 4 potions of heal wounds {unknown}
 u - a potion of curing {unknown}


   Skills:
 + Level 4.7 Fighting
 * Level 5.1 Axes
 + Level 4.2 Armour
 + Level 3.2 Dodging
 + Level 4.4 Shields
 + Level 0.8 Invocations


You had 7 spell levels left.
You didn't know any spells.
Your spell library contained the following spells:

 Spells                   Type           Power      Damage    Failure   Level
 Foxfire                  Conj/Fire      0%         2x1d4     98%         1
 Conjure Flame            Conj/Fire      0%         6-21      100%        3
 Gell's Gravitas          Tloc           0%         N/A       100%        3
 Inner Flame              Hex/Fire       0%         N/A       100%        3
 Lesser Beckoning         Tloc           0%         N/A       100%        3
 Ozocubu's Armour         Ice            0%         N/A       100%        3
 Teleport Other           Tloc           0%         N/A       100%        3
 Flame Wave               Conj/Fire      0%         2d4       100%        4
 Metabolic Englaciation   Hex/Ice        0%         N/A       100%        5
 Simulacrum               Ice/Necr       0%         N/A       100%        6
 Ozocubu's Refrigeration  Ice            0%         4d5       100%        7


Dungeon Overview and Level Annotations

Branches:
Dungeon (6/15)             Temple (1/1) D:5           Sewer (visited)

Altars:
Ashenzari
Cheibriados
Dithmenos
Elyvilon
Fedhas
Hepliaklqana
Kikubaaqudgha
Makhleb
Nemelex Xobeh
Okawaru
Ru
Sif Muna
Trog
Uskayaw
Wu Jian
Xom
Yredelemnul
Zin

Shops:
D:4 ?

Annotations:
D:3 1 runed translucent door, Wentworth's ghost, amateur DsGl


Innate Abilities, Weirdness & Mutations

You have a pair of horns on your head.
You are partially covered in rugged brown scales. (AC +1, +3% HP)
A weak demonic guardian rushes to your aid.
You are partially covered in sharp spines.


Message History

The centaur zombie hits you but does no damage.
The centaur zombie kicks you but does no damage.
The orc is struck by your spines.
You kill the orc!
Makhleb accepts your kill.
The orc warrior hits you from afar with a +0 trident!
The orc is struck by your spines. The orc hits you with a +0 dagger.
* * * LOW HITPOINT WARNING * * *
The orc wizard closely misses you.
The orc priest hits you from afar with a +0 trident.
* * * LOW HITPOINT WARNING * * *
The orc warrior completely misses you.
The orc priest begins to cast a cantrip, but forgets the words!
The orc hits your iron imp with a +0 club.
An orc comes into view. It is wielding a +0 hand axe.
The centaur zombie hits you.
* * * LOW HITPOINT WARNING * * *
The centaur zombie barely misses you.
The orc wizard hits your iron imp but does no damage.
You hit your iron imp but do no damage.
Your iron imp is moderately wounded.
You barely miss the orc warrior. You barely miss the orc.
You slash the centaur zombie! You burn the centaur zombie.
You miss the orc wizard. The orc warrior closely misses you.
The orc barely misses you. The orc warrior misses you.
The orc priest looks satisfied for a moment.
The orc wizard closely misses you.
The orc priest mumbles some strange prayers to Beogh against you.
Beogh smites you!
* * * LOW HITPOINT WARNING * * *
The centaur zombie barely misses you.
The centaur zombie kicks you but does no damage.
The orc hits your iron imp with a +0 club.
The centaur skeleton is struck by your spines.
The centaur skeleton hits you but does no damage.
The centaur skeleton kicks you but does no damage.
Your iron imp barely misses the orc warrior.
The orc wizard barely misses your iron imp.
The orc warrior hits you from afar with a +0 trident.
You die...

. ..
######.##
##<...oo..
#.ZZo##.##
#o@os#
#.5o.#
#ooo....
#....####
#.....
#....##
#....#
......


You could see 2 orc warriors, a scorpion, 2 orc priests, 2 orc wizards, 3 orcs,
a centaur zombie, a centaur skeleton and a friendly iron imp (summoned).

Vanquished Creatures
  Duvessa (D:5)
  A black bear (D:5)
  A necrophage (D:5)
  A centaur (D:5)
  A phantom (D:5)
  Blork the orc (D:5)
  Dowan (D:5)
  3 hounds
  4 orc priests
  A bullfrog skeleton (D:5)
  An iguana (D:4)
  8 adders
  A river rat (Sewer)
  An adder skeleton (D:4)
  4 worms
  A dart slug (D:1)
  16 orcs
  6 bats
  6 endoplasms
  A giant cockroach (D:1)
  6 goblins
  6 hobgoblins
  4 jackals (D:1)
  10 ball pythons
  3 frilled lizards
  15 kobolds
  5 rats
109 creatures vanquished.

Vanquished Creatures (collateral kills)
  A river rat (Sewer)
  A worm (Sewer)
  An endoplasm (Sewer)
  A kobold (Sewer)
  A rat (Sewer)
5 creatures vanquished.

Vanquished Creatures (others)
  2 withered plants (D:3)
2 creatures vanquished.

Grand Total: 116 creatures vanquished

Notes
Turn   | Place    | Note
-------+----------+-------------------------------------------
     0 | D:1      | Sin92 the Demonspawn Fighter began the quest for the Orb.
     0 | D:1      | Reached XP level 1. HP: 18/18 MP: 1/1
   234 | D:1      | Reached skill level 2 in Axes
   308 | D:1      | Gained mutation: You are partially covered in sharp spines.
                  | [demonic ancestry]
   308 | D:1      | Reached XP level 2. HP: 21/24 MP: 2/2
   891 | D:2      | Gained mutation: You have a pair of small horns on your
                  | head. [demonic ancestry]
   891 | D:2      | Reached XP level 3. HP: 25/29 MP: 3/3
  1152 | D:2      | Reached skill level 1 in Dodging
  1620 | D:3      | Gained mutation: A weak demonic guardian rushes to your
                  | aid. [demonic ancestry]
  1620 | D:3      | Reached XP level 4. HP: 35/35 MP: 4/4
  2266 | D:3      | Found a runed translucent door.
  2266 | D:3      | Noticed Wentworth's ghost (amateur DsGl)
  2489 | D:3      | Noticed a shining eye
  2490 | D:3      | Found a faded altar of an unknown god.
  2493 | D:3      | Noticed a floating eye
  2493 | D:3      | Noticed an eye of devastation
  2493 | D:3      | Noticed a floating eye
  2864 | D:4      | Found a glowing drain.
  2870 | Sewer    | Entered a sewer
  2974 | Sewer    | Reached skill level 3 in Axes
  3160 | Sewer    | Reached XP level 5. HP: 37/41 MP: 5/5
  3381 | D:4      | Found Heleurch's Magic Scroll Boutique.
  3531 | D:4      | Gained mutation: You have a pair of horns on your head.
                  | [demonic ancestry]
  3531 | D:4      | Reached XP level 6. HP: 18/48 MP: 6/6
  4511 | D:5      | Entered Level 5 of the Dungeon
  4589 | D:5      | Noticed Dowan
  4590 | D:5      | Noticed Duvessa
  4595 | D:5      | Reached skill level 4 in Axes
  4600 | D:5      | Killed Duvessa
  4601 | D:5      | Reached XP level 7. HP: 37/54 MP: 7/7
  4606 | D:5      | Killed Dowan
  4901 | D:5      | Noticed Blork the orc
  4913 | D:5      | Killed Blork the orc
  5004 | D:5      | Found a staircase to the Ecumenical Temple.
  5016 | Temple   | Entered the Ecumenical Temple
  5274 | Temple   | Became a worshipper of Makhleb the Destroyer
  5308 | D:5      | Identified the +9 dagger "Yceown" {holy, rElec}
  5334 | D:5      | Reached skill level 5 in Axes
  5396 | D:5      | Gained mutation: You are partially covered in rugged brown
                  | scales. (AC +1, +3% HP) [demonic ancestry]
  5396 | D:5      | Reached XP level 8. HP: 54/62 MP: 8/8
  5415 | D:6      | Slain by an orc warrior

Illustrated notes

Levels and vault maps discovered:
D:1:      ncdulo_watergridlock, layout_loops_cross, feat_on_display
D:2:      layout_basic
D:3:      layout_loops_ring, hellmonk_ecumenical_altar_watching_god,
          gammafunk_ghost_grave, nrook_uturn
D:4:      layout_loops_corners, nicolae_ossuary_entry_false_entrances,
          serial_shops, shop_coins, portal_sewer_entry_e
D:5:      layout_rooms, minmay_temple_entry_offerings, serial_rivers,
          chequers_serial_rivers_micro_e, chequers_serial_rivers_small_a,
          chequers_serial_rivers_micro_d, chequers_serial_rivers_room_b,
          chequers_serial_rivers_marsh, uniq_blork_the_orc, uniq_duvessa
D:6:      layout_basic, lemuel_round_altar
Temple:   dpeg_five_rooms_temple

Skill      XL: |  1  2  3  4  5  6  7 |
---------------+----------------------+-----
Axes           | 2 3 4 5 |  5.1
Dodging        | 1 2 3 |  3.2
Shields        | 3 4 |  4.4
Armour         | 3 4 |  4.2
Fighting       | 4 |  4.7
Invocations    | |  0.8

Action                   |  1- 3 |  4- 6 |  7- 9 || total
-------------------------+-------+-------+-------++-------
Melee: War axe           |    67 |   113 |    43 ||   223
       Headbutt          |     2 |    19 |     4 ||    25
  Use: Scroll            |     1 |     9 |     4 ||    14
       Potion            |       |     4 |       ||     4
Armor: Scale mail        |    51 |    49 |    29 ||   129
Dodge: Dodged            |    42 |    30 |    29 ||   101
Block: Buckler           |    16 |    15 |       ||    31
       Kite shield       |       |    27 |    24 ||    51
